[Event "*** Qualifier 1: Titled Tuesday 3|2 Blitz"]
[Site "Chess.com"]
[Date "2017.04.04"]
[Round "8"]
[White "ShimanovAlex"]
[Black "sergiochess83"]
[Result "0-1"]
[WhiteElo "2628"]
[BlackElo "2684"]
[TimeControl "180+2"]
[EndTime "14:49:55 PDT"]
[Termination "sergiochess83 won by resignation"]

1. d4 Nf6 2. Bf4 g6 3. Nc3 d5 4. e3 a6 5. Be2 Bg7 6. h4 h6 7. Nf3 Bg4 8. Ne5 Bxe2 9. Qxe2 h5 10. O-O-O Nbd7 11. e4 Nb6 12. f3 O-O 13. g4 Rc8 14.
Bg5 c5 15. exd5 cxd4 16. Rxd4 Rxc3 17. bxc3 Nfxd5 18. gxh5 Nxc3 19. Rxd8 Nxe2+ 20. Kd2 Rxd8+ 21. Nd3 Ng3 22. Rb1 Nc4+ 23. Ke1 b5 24. hxg6 fxg6 25. Kf2 Nf5 26. Nf4 Kf7 27. Nd3 Bd4+ 28. Kg2 Bf6 0-1

[Event "*** Qualifier 1: Titled Tuesday 3|2 Blitz"]
[Site "Chess.com"]
[Date "2017.04.04"]
[Round "8"]
[White "PowerThinking2650"]
[Black "FLchessplayer"]
[Result "1-0"]
[WhiteElo "2191"]
[BlackElo "2037"]
[TimeControl "180+2"]
[EndTime "14:50:00 PDT"]
[Termination "PowerThinking2650 won by resignation"]

1. e4 c5 2. Nf3 d6 3. d4 cxd4 4.
Nxd4 Nf6 5. Nc3 a6 6. Be3 e6 7. f3 Qc7 8. Qd2 Nbd7 9. g4 Ne5 10.
g5 Nfd7 11. O-O-O Nb6 12. f4 Nec4 13. Bxc4 Nxc4 14. Qd3 Nxe3 15. Qxe3 Be7 16. f5 Bd7 17. h4 O-O-O 18. Rhf1 Rhf8 19. f6 gxf6 20. gxf6 Bxf6 21.
Rxf6 Qc5 22. Qg5 e5 23. Nf5 Be6 24. Ne7+ Kb8 25. Ned5 Rc8 26. a3 b5 27. Qg1 Qc4 28.
Qb6+ Ka8 29. Qxa6+ Kb8 30. Qxb5+ 1-0

[Event "*** Qualifier 1: Titled Tuesday 3|2 Blitz"]
[Site "Chess.com"]
[Date "2017.04.04"]
[Round "8"]
[White "CalinGheorghiu"]
[Black "MorpheusPro"]
[Result "0-1"]
[WhiteElo "2227"]
[BlackElo "2108"]
[TimeControl "180+2"]
[EndTime "14:50:11 PDT"]
[Termination "MorpheusPro won by resignation"]

1. d4 d5 2. c4 c6 3. Nc3 Nf6 4. e3 a6 5. Nf3 Bf5 6. Be2 e6 7. O-O Nbd7 8. Nh4 Bg6 9. b3 Bd6 10. f4 Ne4 11. Nxe4 Bxe4 12. Qe1 g5 13. Nf3 g4 14. Ne5 f5 15. c5 Bxe5 16. fxe5 h5 17. b4 Nf8 18. a4 Ng6 19. Ra3 h4 20. b5 axb5 21. axb5 Rxa3 22. Bxa3 Qg5 23. Qa5 Qxe3+ 24. Kh1 Qxe2 25. Qa8+ Kf7 26. Qxb7+ Ne7 0-1

[Event "*** Qualifier 1: Titled Tuesday 3|2 Blitz"]
[Site "Chess.com"]
[Date "2017.04.04"]
[Round "8"]
[White "SergeiAza"]
[Black "Maung-Mg-KZH"]
[Result "0-1"]
[WhiteElo "2640"]
[BlackElo "2354"]
[TimeControl "180+2"]
[EndTime "14:50:31 PDT"]
[Termination "Maung-Mg-KZH won on time"]

1. e4 c6 2. d4 d5 3. Nc3 dxe4 4.
Nxe4 Bf5 5. Ng3 Bg6 6. Nh3 Nf6 7.
Nf4 e6 8. h4 Bd6 9. h5 Be4 10. f3 Qc7 11. Rh4 g5 12. hxg6 Bxg6 13. Bc4 Nbd7 14. Nge2 O-O-O 15. Be3 Nb6 16. Bb3 e5 17.
Nxg6 hxg6 18. Rxh8 Rxh8 19. Kf2 Nbd5 20. Qd2 Nxe3 21.
Qxe3 exd4 22. Qxd4 Qe7 23. Qe3 Bc5 24. Nd4 Re8 25. Qd3 Ng4+ 26. fxg4 Qf6+ 27. Kg3 Bd6+ 0-1

[Event "*** Qualifier 1: Titled Tuesday 3|2 Blitz"]
[Site "Chess.com"]
[Date "2017.04.04"]
[Round "8"]
[White "Bigfish1995"]
[Black "EvgenyT"]
[Result "1-0"]
[WhiteElo "2660"]
[BlackElo "2481"]
[TimeControl "180+2"]
[EndTime "14:50:36 PDT"]
[Termination "Bigfish1995 won on time"]

1. e4 e5 2. Nf3 Nc6 3. d4 exd4 4. Nxd4 Bc5 5. Nxc6 bxc6 6. Bd3 Qh4 7. Qe2 Nf6 8. h3 Qh5 9. g4 Qe5 10. f4 Qe7 11. g5 Ng8 12. Nc3 h6 13. Bd2 hxg5 14.
fxg5 Rb8 15. Na4 Bd4 16. c3 Be5 17. O-O-O d6 18. h4 Be6 19. b3 Qd7 20. Qf2 Ne7 21. Bc2 c5 22. h5 Qc6 23. Bf4 Bxf4+ 24. Qxf4 c4 25. b4 a5 26. h6 gxh6 27. Qf6 Rh7 28. e5 axb4 29. cxb4 Rxb4 30. Nc3 Rb3 31. exd6 cxd6 32.
axb3 cxb3 33. Bxh7 1-0

[Event "*** Qualifier 1: Titled Tuesday 3|2 Blitz"]
[Site "Chess.com"]
[Date "2017.04.04"]
[Round "8"]
[White "Outsmiter"]
[Black "Ilja_Semjonovs"]
[Result "1-0"]
[WhiteElo "2116"]
[BlackElo "2141"]
[TimeControl "180+2"]
[EndTime "14:50:41 PDT"]
[Termination "Outsmiter won by resignation"]

1. e4 e5 2. Nf3 Nc6 3. Bb5 a6 4. Ba4 Nf6 5. d4 exd4 6. e5 Ne4 7. O-O Be7 8. Re1 Nc5 9. Bxc6 dxc6 10. Qxd4 O-O 11.
Nc3 Bf5 12. Re2 Bg6 13. Be3 Ne6 14. Qa4 Bc5 15. Rd1 Qe7 16. Ne4 Bxe3 17. Rxe3 Bxe4 18.
Qxe4 Rad8 19. Ree1 Rxd1 20. Rxd1 Rd8 21. Qe1 Rxd1 22. Qxd1 h6 23. Qd3 Ng5 24. Nxg5 Qxg5 25. Qe3 Qxe3 26. fxe3 Kf8 27. Kf2 Ke7 28. Kf3 Ke6 29.
Ke4 f6 30. exf6 Kxf6 31. h4 Ke6 32. h5 Kf6 33. Kf4 b6 34. c4 b5 35. c5 Ke6 36. e4 Kf6 37. b4 g6 38. hxg6 Kxg6 39.
Ke5 Kf7 40. Kf5 h5 41. e5 Ke7 42. e6 h4 43. Ke5 Ke8 44. Kf6 Kf8 45. e7+ Ke8 46. Ke6 h3 47. gxh3 a5 48. bxa5 b4 49.
Kf6 b3 50. axb3 Kd7 1-0

[Event "*** Qualifier 1: Titled Tuesday 3|2 Blitz"]
[Site "Chess.com"]
[Date "2017.04.04"]
[Round "8"]
[White "kharov2001"]
[Black "Osensei"]
[Result "0-1"]
[WhiteElo "1824"]
[BlackElo "1742"]
[TimeControl "180+2"]
[EndTime "14:50:47 PDT"]
[Termination "Osensei won on time"]

1. e4 c5 2. Nf3 d6 3. d4 cxd4 4.
Nxd4 Nf6 5. Nc3 a6 6. Be3 e6 7.
Be2 Be7 8. O-O Qc7 9. a4 b6 10. f4 Bb7 11. Bf3 Nbd7 12. Kh1 Nc5 13. e5 dxe5 14.
fxe5 Qxe5 15. Bf4 Qxf4 16. Bc6+ Bxc6 17. Rxf4 Bd7 18. Qf3 O-O 19. Qe3 Bd6 20. Rff1 Ng4 21. Qg5 Nxh2 22. Rf2 h6 23. Qh4 Ng4 24. Rd2 Ne3 25.
Nf3 Bc7 26. b4 Bd8 27. Qf2 Bf6 28. bxc5 Ng4 0-1

[Event "*** Qualifier 1: Titled Tuesday 3|2 Blitz"]
[Site "Chess.com"]
[Date "2017.04.04"]
[Round "8"]
[White "twitchTriniCupid"]
[Black "geeeeri"]
[Result "0-1"]
[WhiteElo "2146"]
[BlackElo "2294"]
[TimeControl "180+2"]
[EndTime "14:51:02 PDT"]
[Termination "geeeeri won by resignation"]

1. d4 Nf6 2. c3 d5 3. Nf3 c6 4. g3 Bf5 5. Bg2 Qc8 6. Qb3 b6 7.
Bf4 Bh3 8. O-O Bxg2 9. Kxg2 h6 10. Nbd2 g5 11. Bxb8 Rxb8 12. Ne5 h5 13. e4 h4 14. Rh1 h3+ 15. Kf1 Bg7 16. exd5 cxd5 17. Ndf3 Qf5 18.
Qb5+ Kf8 19. Rg1 g4 20. Nh4 Rxh4 21. gxh4 Ne4 22. Qe2 g3 23. Rxg3 Bxe5 24. dxe5 Nxg3+ 25. hxg3 d4 26. Kg1 d3 27. Qe3 d2 28. Rd1 Rd8 29.
Kh2 Qc2 30. e6 fxe6 31. Qf3+ Ke8 32. Kxh3 Qxb2 33. h5 Rd5 34. g4 Rc5 35. Qa8+ Kd7 36. Qb7+ Rc7 37. Qe4 Rxc3+ 38. f3 e5 39. Kg3 e6 40.
Qxe5 Rxf3+ 41. Kxf3 Qxe5 42. Rxd2+ Ke7 0-1

[Event "*** Qualifier 1: Titled Tuesday 3|2 Blitz"]
[Site "Chess.com"]
[Date "2017.04.04"]
[Round "8"]
[White "HaryKane"]
[Black "Rating-Schmating"]
[Result "0-1"]
[WhiteElo "2389"]
[BlackElo "2236"]
[TimeControl "180+2"]
[EndTime "14:51:21 PDT"]
[Termination "Rating-Schmating won on time"]

1. e4 e6 2. d4 d5 3. Nd2 a6 4.
Bd3 c5 5. exd5 Qxd5 6. Ngf3 Nf6 7. Qe2 Nc6 8. c4 Qd6 9. d5 Nb4 10. O-O Nxd3 11. Qxd3 exd5 12. Re1+ Be6 13. Ng5 Be7 14.
Nxe6 fxe6 15. Qh3 e5 16. cxd5 Qxd5 17. Nf3 Rd8 18. Bg5 O-O 19. Rxe5 Qd7 20. Re6 Rfe8 21. Rae1 Bd6 22. Bxf6 Rxe6 23. Rxe6 gxf6 24. Qg4+ Kh8 25. h4 Be5 26. Qf5 Qd1+ 0-1

[Event "*** Qualifier 1: Titled Tuesday 3|2 Blitz"]
[Site "Chess.com"]
[Date "2017.04.04"]
[Round "8"]
[White "TooOldTooSlow70"]
[Black "jeaston1"]
[Result "1-0"]
[WhiteElo "2312"]
[BlackElo "2163"]
[TimeControl "180+2"]
[EndTime "14:51:26 PDT"]
[Termination "TooOldTooSlow70 won by resignation"]

1. d4 d5 2. Bg5 h6 3. Bh4 c6 4. e3 Nf6 5. Bd3 Qb6 6. Nd2 Qxb2 7.
c4 e6 8. Ngf3 Qa3 9. Qc2 Be7 10.
O-O Qd6 11. Rfe1 Qd8 12. Rab1 Na6 13. cxd5 cxd5 14. Bxa6 bxa6 15. Ne5 O-O 16. Bxf6 Bxf6 17. Qc6 Bxe5 18. Qxa8 Bd6 19. Qc6 e5 20. Nf3 exd4 21.
exd4 Bf5 22. Rbd1 Be4 23. Nd2 Qf6 24. Rc1 Bxh2+ 25. Kxh2 Qf4+ 26. Kg1 Qxd2 27. Qc3 Qg5 28. Qg3 Qxg3 29. fxg3 f5 30. Rc6 Rb8 31. Re2 Rb1+ 32. Kf2 Rc1 33. Rxc1 1-0

[Event "*** Qualifier 1: Titled Tuesday 3|2 Blitz"]
[Site "Chess.com"]
[Date "2017.04.04"]
[Round "8"]
[White "severomorskij"]
[Black "plouarzel"]
[Result "0-1"]
[WhiteElo "2644"]
[BlackElo "2425"]
[TimeControl "180+2"]
[EndTime "14:51:44 PDT"]
[Termination "plouarzel won on time"]

1. d4 g6 2. e4 Bg7 3. Nc3 e6 4.
Nf3 Ne7 5. h4 h6 6. Bf4 d6 7.
Qd2 b6 8. O-O-O Bb7 9. d5 e5 10. Be3 Nd7 11. g4 Nf6 12. Bb5+ Kf8 13. Rdg1 a6 14.
Bd3 Qd7 15. g5 hxg5 16. Bxg5 b5 17. Kb1 b4 18. Ne2 a5 19. Ng3 Nh5 20. Nxh5 Rxh5 21. Be2 c6 22. Nxe5 Bxe5 23. Bxh5 gxh5 24. Bh6+ Ke8 25. f4 Bh8 26. Bg7 Bxg7 27. Rxg7 cxd5 28. f5 dxe4 29. f6 Qe6 30. Qg5 Nf5 31. Rf1 Nd4 32. Rd1 e3 33. Rxd4 e2 34. Qb5+ Kf8 0-1

[Event "*** Qualifier 1: Titled Tuesday 3|2 Blitz"]
[Site "Chess.com"]
[Date "2017.04.04"]
[Round "8"]
[White "pKiLz5Rn9b"]
[Black "Th3ChessViking"]
[Result "1-0"]
[WhiteElo "2607"]
[BlackElo "2331"]
[TimeControl "180+2"]
[EndTime "14:51:45 PDT"]
[Termination "pKiLz5Rn9b won by checkmate"]

1. d4 Nf6 2. Nf3 e6 3. Nbd2 d5 4. e3 c5 5. c3 Nc6 6. Bd3 Bd6 7. O-O Qc7 8. dxc5 Bxc5 9. b4 Bd6 10. Bb2 O-O 11.
Rc1 a6 12. a3 b5 13. a4 bxa4 14. Qxa4 Bd7 15. Qc2 h6 16. Rfe1 Rfc8 17. Qb1 Ne5 18.
Nxe5 Bxe5 19. Nf3 Bd6 20. c4 dxc4 21. Rxc4 Qb6 22. Bd4 Qb7 23. Bxf6 gxf6 24. Be4 Bc6 25. Rxc6 Rxc6 26. Nd4 Rac8 27. Nxc6 Rxc6 28. Bxc6 Qxc6 29. Rc1 Qb5 30. h4 Qxb4 31. Qxb4 Bxb4 32. Ra1 a5 33. Kf1 f5 34. Ke2 Kg7 35. Kd3 Kg6 36. g3 Kh5 37.
Ke2 Kg4 38. Rc1 Kh5 39. Rc4 Kg6 40. Kd3 Be1 41. Ke2 Bb4 42. Kf3 Be7 43. Rc7 Bd6 44.
Ra7 Bb4 45. Ke2 Bc3 46. f3 Bb4 47. Ra6 Kg7 48. g4 fxg4 49. fxg4 Be7 50. h5 Bb4 51.
Kf3 Kf6 52. Kf4 Bd2 53. Ra8 Bb4 54. Rg8 Bd6+ 55. Ke4 a4 56. g5+ hxg5 57. h6 a3 58. h7 Ke7 59. h8=Q f5+ 60. Kd3 a2 61. Qg7# 1-0

[Event "*** Qualifier 1: Titled Tuesday 3|2 Blitz"]
[Site "Chess.com"]
[Date "2017.04.04"]
[Round "8"]
[White "Duhless"]
[Black "Dlugy"]
[Result "0-1"]
[WhiteElo "2729"]
[BlackElo "2680"]
[TimeControl "180+2"]
[EndTime "14:51:53 PDT"]
[Termination "Dlugy won on time"]

1. c4 c5 2. Nf3 Nf6 3. d4 cxd4 4.
Nxd4 d5 5. cxd5 Nxd5 6. e4 Nb4 7.
Bb5+ Bd7 8. O-O e5 9. a3 exd4 10. Bxd7+ Qxd7 11. axb4 Bxb4 12. Qd3 O-O 13. Bf4 Nc6 14. Na3 Rad8 15. Nc4 Rfe8 16. f3 Bc5 17. Kh1 b6 18. Bg5 Rc8 19. Rad1 Qe6 20. b3 b5 21. Nd2 a6 22. f4 Nb4 23. Qg3 f5 24. Qh3 fxe4 25.
f5 Qd5 26. f6 Rc7 27. Rf5 Re5 28. Rdf1 Rxf5 29. Rxf5 Bf8 30. Nc4 Nd3 31. Kg1 Qc6 32. fxg7 Bxg7 33. Nd2 e3 34. Rf1 Qd5 35. Bh4 Nf4 36.
Rxf4 exd2 37. Rf1 Rc1 38. Qd3 Rxf1+ 39. Kxf1 Qh5 40. Qxd2 Qxh4 41. Qe2 Qf4+ 0-1

[Event "*** Qualifier 1: Titled Tuesday 3|2 Blitz"]
[Site "Chess.com"]
[Date "2017.04.04"]
[Round "8"]
[White "jcibarra"]
[Black "larso"]
[Result "1-0"]
[WhiteElo "2650"]
[BlackElo "2431"]
[TimeControl "180+2"]
[EndTime "14:51:53 PDT"]
[Termination "jcibarra won by resignation"]

1. e4 e6 2. d4 d5 3. Bd3 Nf6 4. e5 Nfd7 5. f4 c5 6. c3 Nc6 7. Nf3 b5 8. Bxb5 Qb6 9. Be2 cxd4 10. cxd4 Bb4+ 11. Nc3 Ba6 12. O-O Rc8 13. f5 Bxc3 14. bxc3 Bxe2 15. Qxe2 exf5 16. Ba3 Nd8 17.
Rab1 Qc6 18. Ng5 Ne6 19. Nxe6 Qxe6 20. Rf3 Nb6 21. Rbf1 g6 22. g4 Rg8 23. Bc5 Nd7 24. Bb4 f6 25. gxf5 gxf5+ 26. Kh1 fxe5 27. Rxf5 e4 28.
Qh5+ Kd8 29. Rxd5 e3 30. Ba5+ Ke7 31. Qxh7+ Ke8 32. Rxd7 Rg6 33. Re7+ Qxe7 34. Qxg6+ Kd7 35. Rf7 Re8 36. Rxe7+ Rxe7 37. c4 e2 38. Be1 1-0

[Event "*** Qualifier 1: Titled Tuesday 3|2 Blitz"]
[Site "Chess.com"]
[Date "2017.04.04"]
[Round "8"]
[White "HansCoolNiemann"]
[Black "yian123"]
[Result "1-0"]
[WhiteElo "2360"]
[BlackElo "2396"]
[TimeControl "180+2"]
[EndTime "14:51:54 PDT"]
[Termination "HansCoolNiemann won by resignation"]

1. d4 d5 2. c4 c6 3. cxd5 cxd5 4.
Nc3 Nf6 5. Bf4 a6 6. e3 Nc6 7.
Nf3 Bg4 8. Bd3 Rc8 9. O-O e6 10. h3 Bxf3 11. Qxf3 Bd6 12. Rac1 Bxf4 13. Qxf4 O-O 14. a3 b5 15. a4 Nb4 16. Bb1 bxa4 17.
Nxa4 Qa5 18. Nc5 Qb6 19. Rc3 Qb8 20. Qh4 h6 21. f4 Qd6 22. Rfc1 Rc6 23. g4 Nd7 24. g5 Nxc5 25. gxh6 Qd8 26. Qxd8 Rxd8 27. hxg7 Kxg7 28. Rxc5 Rb6 29. f5 Rg8 30. Kf2 exf5 31.
Rg1+ Rg6 32. Bxf5 Rxg1 33. Kxg1 Kf6+ 34. Bg4 Re8 35. Rc3 Kg5 36. Kf2 f5 37. Be2 f4 38.
h4+ Kf5 39. exf4 Kxf4 40. Rf3+ 1-0

[Event "*** Qualifier 1: Titled Tuesday 3|2 Blitz"]
[Site "Chess.com"]
[Date "2017.04.04"]
[Round "8"]
[White "nonscitis"]
[Black "DryCounty"]
[Result "1-0"]
[WhiteElo "2373"]
[BlackElo "2457"]
[TimeControl "180+2"]
[EndTime "14:51:54 PDT"]
[Termination "nonscitis won by resignation"]

1. e4 c5 2. Nf3 d6 3. d4 cxd4 4.
Nxd4 Nf6 5. Nc3 Nc6 6. Bc4 e6 7. Be3 a6 8. Bb3 Be7 9. Qe2 Qc7 10. O-O-O Na5 11. Rhg1 b5 12. g4 Nxb3+ 13. axb3 Bb7 14. f3 b4 15. Na4 O-O 16. h4 Nd7 17. g5 Nc5 18. h5 Nxa4 19. bxa4 b3 20. Nxb3 Bc6 21. a5 Ba4 22. Bb6 Qb7 23. Kb1 Rfc8 24. g6 Bf6 25.
Rxd6 Rc6 26. Rgd1 hxg6 27. hxg6 Rxd6 28. Rxd6 fxg6 29. Nc5 Qe7 30. Rxe6 Qf7 31. Rxf6 gxf6 32. Nxa4 Re8 33. Qxa6 f5 34. Nc3 fxe4 35. fxe4 g5 36. Qb5 Qg6 37. Qd5+ Kh7 38. Bd4 g4 39. Qd7+ Kh6 40.
Nd5 Rxe4 41. Be3+ Rxe3 42. Nxe3 g3 43. Qh3+ Kg7 44. Qxg3 Qxg3 45. Nf5+ 1-0

[Event "*** Qualifier 1: Titled Tuesday 3|2 Blitz"]
[Site "Chess.com"]
[Date "2017.04.04"]
[Round "8"]
[White "Zhani-Z"]
[Black "Rodalquilar"]
[Result "1-0"]
[WhiteElo "2405"]
[BlackElo "2545"]
[TimeControl "180+2"]
[EndTime "14:52:04 PDT"]
[Termination "Zhani-Z won by checkmate"]

1. e4 e5 2. Nf3 Nc6 3. Bc4 Bc5 4.
c3 Nf6 5. d3 d6 6. O-O Bb6 7. a4 a5 8. h3 Ne7 9. Na3 Ng6 10. Nc2 c6 11. Be3 Bc7 12. Ba2 O-O 13. Re1 d5 14. Bg5 Be6 15. exd5 cxd5 16. Ne3 Qd6 17. Bxf6 gxf6 18. Ng4 Kg7 19. Qd2 Nf4 20. d4 e4 21. Nfe5 fxe5 22. dxe5 Nxh3+ 23. gxh3 Qe7 24. Qh6+ Kh8 25. Nf6 Bf5 26. Nxd5 Rg8+ 27. Kh1 e3 28. Rxe3 Qxe5 29. Rxe5 Bxe5 30. Re1 Rg6 31. Qh5 Bc2 32.
Qxe5+ f6 33. Nxf6 h5 34. Nxh5+ Kh7 35. Nf4 Rg7 36. Qh5# 1-0

[Event "*** Qualifier 1: Titled Tuesday 3|2 Blitz"]
[Site "Chess.com"]
[Date "2017.04.04"]
[Round "8"]
[White "keisyzrk"]
[Black "Goala"]
[Result "0-1"]
[WhiteElo "2264"]
[BlackElo "2307"]
[TimeControl "180+2"]
[EndTime "14:52:06 PDT"]
[Termination "Goala won by resignation"]

1. d4 e6 2. c4 Nf6 3. Nc3 c5 4.
d5 exd5 5. cxd5 d6 6. e4 g6 7. h3 Bg7 8. Nf3 Nh5 9. Bd3 O-O 10. O-O Nd7 11. Bg5 Bf6 12. Be3 Re8 13. Nd2 a6 14.
a4 Bg7 15. f4 Qc7 16. Nc4 Bxc3 17. bxc3 Ng3 18. Qf3 Nxf1 19. Rxf1 b5 20. axb5 axb5 21.
Nxd6 Qxd6 22. e5 Qf8 23. Bxb5 Rd8 24. e6 Nf6 25. d6 Bxe6 26. Bxc5 Ra2 27. Bb4 Bd5 28.
d7 Qg7 29. Qg3 Rxg2+ 30. Qxg2 Bxg2 31. Kxg2 Nxd7 32. Rd1 f6 33. Ba5 Qe7 34. Bxd8 Qxd8 35. Rxd7 Qb6 36. Bc4+ Kh8 37. Rd4 Qc6+ 38. Kg3 Kg7 39.
h4 Kh6 40. Kh3 Qf3+ 41. Kh2 Qxc3 42. Re4 Qc2+ 0-1

[Event "*** Qualifier 1: Titled Tuesday 3|2 Blitz"]
[Site "Chess.com"]
[Date "2017.04.04"]
[Round "8"]
[White "GameOverBro"]
[Black "ka1ser64"]
[Result "1-0"]
[WhiteElo "2258"]
[BlackElo "2316"]
[TimeControl "180+2"]
[EndTime "14:52:08 PDT"]
[Termination "GameOverBro won by resignation"]

1. e4 e6 2. d4 d5 3. Nd2 Nf6 4. e5 Nfd7 5. f4 c5 6. c3 Nc6 7. Ndf3 Qb6 8. a3 a5 9. b3 Be7 10. h4 O-O 11. Bd3 f5 12. Ne2 a4 13. b4 cxb4 14. axb4 Qa7 15. Bb5 Nb6 16. Nd2 Bd7 17.
Rh3 Nxe5 18. fxe5 Bxb5 19. Nf4 Bd7 20. h5 Nc4 21. Nxc4 dxc4 22. Be3 Qa6 23. d5 Rad8 24.
d6 Bg5 25. Nxe6 Bxe3 26. Nxf8 Rxf8 27. Rxe3 f4 28. Qd5+ Kh8 29. Re2 Bc6 30. Qc5 f3 31. gxf3 Bxf3 32. Rf2 Qa8 33. e6 Qe8 34. e7 Rf6 35. Rxa4 h6 36. Ra7 Re6+ 37. Kf1 Rf6 38.
Qe5 Kg8 39. Kg1 Kf7 40. Rxf3 Rxf3 41. Qd5+ Kf6 42. Qxf3+ Ke6 43. Qf8 Qxh5 44. e8=Q+ Qxe8 45. Qxe8+ 1-0

[Event "*** Qualifier 1: Titled Tuesday 3|2 Blitz"]
[Site "Chess.com"]
[Date "2017.04.04"]
[Round "8"]
[White "amaidel"]
[Black "GamayevOleg"]
[Result "1-0"]
[WhiteElo "2489"]
[BlackElo "2412"]
[TimeControl "180+2"]
[EndTime "14:52:10 PDT"]
[Termination "amaidel won on time"]

1. e4 e6 2. d4 d5 3. Nc3 Bb4 4. e5 c5 5. a3 Bxc3+ 6. bxc3 Ne7 7.
Qg4 Qc7 8. Qxg7 Rg8 9. Qxh7 cxd4 10. Ne2 Nbc6 11. f4 dxc3 12. Qd3 Bd7 13. Be3 b6 14. Nxc3 a6 15. Rb1 b5 16. Ne2 Na5 17. Nd4 Nc4 18.
g3 Qa5+ 19. Bd2 Qxa3 20. Qxa3 Nxa3 21. Ra1 Nc4 22. Bb4 Nc6 23. Nxc6 Bxc6 24. Bxc4 dxc4 25. O-O Kd7 26. Rfd1+ Bd5 27. c3 Kc6 28. Rd2 Kb6 29. Ba5+ Kc6 30. Kf2 Rh8 31. h4 Rag8 32. Bb4 Kb6 33.
Rda2 Bb7 34. Be7 Ra8 35. Bf6 Rh7 36. g4 a5 37. h5 Ra6 38. Rb2 a4 39. Ra3 Bc6 40.
Kg3 Kc5 41. Rh2 Ra7 42. g5 Be4 43. h6 Bd3 44. Bg7 1-0

[Event "*** Qualifier 1: Titled Tuesday 3|2 Blitz"]
[Site "Chess.com"]
[Date "2017.04.04"]
[Round "8"]
[White "oggy1984"]
[Black "Ginger_GM"]
[Result "1-0"]
[WhiteElo "2333"]
[BlackElo "2457"]
[TimeControl "180+2"]
[EndTime "14:52:12 PDT"]
[Termination "oggy1984 won by resignation"]

1. Nf3 f5 2. d3 d6 3. e4 e5 4. Nc3 c5 5. g3 Nf6 6. Bg2 Nc6 7. O-O Be7 8. Bg5 O-O 9. Bxf6 Bxf6 10. Nd5 f4 11. c3 g5 12. gxf4 exf4 13. Nd2 g4 14. Nxf4 Be5 15. Qb3+ Kh8 16. Nh5 Qh4 17.
Ng3 Rf6 18. Rfe1 Be6 19. Qxb7 Raf8 20. Ndf1 Nd8 21. Qe7 Nc6 22. Qc7 Rxf2 23. Qxc6 Rxb2 24. Rab1 Rxa2 25. Qc7 Bxc3 26. Rb8 Bd4+ 27. Kh1 Rf2 28.
Rxf8+ Rxf8 29. Rb1 Qf6 30. Qxd6 Be5 31. Qxc5 h5 32.
d4 Bxg3 33. Qxh5+ Kg8 34. Nxg3 Qxd4 35. Qg5+ Kh8 36. Qh6+ Kg8 37. Qxe6+ Kh8 38. Nf5 Qd2 39.
Qe5+ 1-0

[Event "*** Qualifier 1: Titled Tuesday 3|2 Blitz"]
[Site "Chess.com"]
[Date "2017.04.04"]
[Round "8"]
[White "aa175"]
[Black "peteseeger"]
[Result "0-1"]
[WhiteElo "1868"]
[BlackElo "2104"]
[TimeControl "180+2"]
[EndTime "14:52:17 PDT"]
[Termination "peteseeger won by checkmate"]

1. e4 c5 2. Nf3 e6 3. d4 cxd4 4.
Nxd4 Nc6 5. Nc3 Qc7 6. Be3 a6 7.
Be2 Nf6 8. O-O b5 9. h3 Bb7 10.
f4 b4 11. Na4 Nxe4 12. Nxc6 Qxc6 13. Nb6 Bc5 14. Nxa8 Bxe3+ 15. Kh2 Nd2 16. Bf3 Bxf4+ 17.
Kh1 Nxf3 18. Rxf3 Bxa8 19. Qf1 Bc7 20. Re1 Qd6 21. Kg1 Qh2+ 22. Kf2 Bxf3 23. Kxf3 O-O 24. Qxa6 Qg3+ 25. Ke2 Qxg2+ 26. Kd1 Bf4 27. Qd3 Rc8 28.
Qe4 Qxe4 29. Rxe4 Bd6 30. Rd4 Rc6 31. c3 bxc3 32. bxc3 f5 33. c4 Kf7 34. c5 Bxc5 35.
Rxd7+ Kf6 36. a4 h5 37. Rb7 g5 38. a5 g4 39. hxg4 hxg4 40. Ke2 g3 41. Kf3 Bf2 42. Rb3 e5 43. Ra3 e4+ 44. Kg2 f4 45. a6 f3+ 46.
Rxf3+ exf3+ 47. Kxf3 Rxa6 48. Kg2 Kg5 49. Kf3 Ra3+ 50.
Kg2 Kg4 51. Kh1 Be1 52. Kg2 Ra2+ 53. Kh1 Kh3 54. Kg1 Bf2+ 55. Kf1 g2# 0-1

[Event "*** Qualifier 1: Titled Tuesday 3|2 Blitz"]
[Site "Chess.com"]
[Date "2017.04.04"]
[Round "8"]
[White "Fiona"]
[Black "AndrewMcStone"]
[Result "0-1"]
[WhiteElo "2167"]
[BlackElo "2019"]
[TimeControl "180+2"]
[EndTime "14:52:18 PDT"]
[Termination "AndrewMcStone won by resignation"]

1. e4 e6 2. Nf3 d5 3. e5 c5 4. b4 c4 5. a3 a5 6. c3 axb4 7. cxb4 Bxb4 8. Bb2 Bc5 9. d4 cxd3 10.
Bxd3 Qb6 11. Qc2 Ne7 12. O-O Ng6 13. Nc3 Bd7 14. g3 Nc6 15. Rab1 O-O 16. Na4 Rxa4 17. Qxa4 Ncxe5 18. Bxe5 Bxa4 19. Rxb6 Bxb6 20. Rb1 Nxe5 21.
Nxe5 Bc7 22. f4 Bxe5 23. fxe5 Bc6 24. Kf2 Ra8 25. Rb3 f6 26. exf6 gxf6 27. Be2 Ra4 28. g4 Kf7 29. Rh3 Kg7 30. Bd1 Rf4+ 31. Ke3 e5 32. Bc2 d4+ 33. Kd2 Be4 34. Bd1 Bg6 35. Rb3 Rf2+ 36. Ke1 Rxh2 37. Rxb7+ Kh6 38.
Rb6 Kg5 39. a4 d3 40. Rd6 e4 41. Rd5+ Kf4 0-1

[Event "*** Qualifier 1: Titled Tuesday 3|2 Blitz"]
[Site "Chess.com"]
[Date "2017.04.04"]
[Round "8"]
[White "johnathan113"]
[Black "Generalas"]
[Result "0-1"]
[WhiteElo "2402"]
[BlackElo "2207"]
[TimeControl "180+2"]
[EndTime "14:52:22 PDT"]
[Termination "Generalas won by resignation"]

1. d4 g6 2. e4 Bg7 3. Nc3 c6 4.
h4 d5 5. exd5 cxd5 6. h5 Nc6 7.
Be3 Bf5 8. Nf3 Bg4 9. Be2 Bxh5 10. Ne5 Bxe2 11. Qxe2 Nf6 12. O-O-O Qb6 13. Bg5 Nxd4 14.
Qd3 Nc6 15. Bxf6 Nxe5 16. Bxe5 Bxe5 17. Qxd5 Bg7 18. Qd7+ Kf8 19. Rhe1 Bf6 20. g4 Kg7 21. f4 Rad8 22. Qa4 Bxc3 23. bxc3 Rxd1+ 24. Rxd1 Rc8 25. Qe4 Rxc3 26. Qe5+ Qf6 27. Qb8 Qe6 28. f5 Qe3+ 29.
Kb1 Rc6 30. a3 Rb6+ 31. Ka2 Rc6 32. Qh2 Qe4 33. Kb1 Qxg4 34. Qe5+ Rf6 35. fxg6 hxg6 36. Qxe7 Rb6+ 37. Ka1 Qf5 38. Qc7 Qf6+ 39. c3 Qe6 40.
Rh1 Ra6 41. Qc5 Qd6 42. Qxd6 Rxd6 43. Ka2 b6 44. Kb3 g5 45. Kb4 f5 46. Kb5 g4 47.
Ka6 Rd7 48. Rd1 Rxd1 0-1

[Event "*** Qualifier 1: Titled Tuesday 3|2 Blitz"]
[Site "Chess.com"]
[Date "2017.04.04"]
[Round "8"]
[White "penguingm1"]
[Black "Spartakus1975"]
[Result "0-1"]
[WhiteElo "2582"]
[BlackElo "2529"]
[TimeControl "180+2"]
[EndTime "14:52:30 PDT"]
[Termination "Spartakus1975 won by resignation"]

1. d4 d5 2. Bf4 c5 3. e3 Nc6 4.
Nf3 Nf6 5. Nbd2 Bg4 6. c3 e6 7. Qb3 Qb6 8. h3 Bf5 9. g4 Bg6 10. Nh4 c4 11. Qxb6 axb6 12. Nxg6 hxg6 13. Bg2 b5 14. Ke2 b4 15. Rhb1 Kd7 16. a3 b3 17.
Re1 b5 18. Rab1 Bxa3 19. bxa3 Rxa3 20. Rec1 Ra2 21. g5 Ne8 22. e4 dxe4 23. Ke1 Nd6 24.
Bxd6 Kxd6 25. Nxe4+ Kc7 26. Nc5 Rh5 27. Kf1 Rxg5 28.
Re1 Rh5 29. Re2 Rh8 30. Re3 Rha8 31. Rf3 Nd8 32. Re3 Ra1 33. Ree1 Rxb1 34. Rxb1 Ra2 35. Bf3 Nc6 36. d5 Ne5 37. dxe6 fxe6 38. Nxe6+ Kd6 39. Nd4 Kc5 40. Be2 Ra3 41. Bd1 b4 42. Ne2 Nf3 43.
Kg2 Nd2 44. Rb2 Ne4 45. cxb4+ Kxb4 46. Kf3 Nc5 47. Nc1 Na4 48. Rb1 Nc3 49. Rb2 Nxd1 50. Rd2 b2+ 0-1

[Event "*** Qualifier 1: Titled Tuesday 3|2 Blitz"]
[Site "Chess.com"]
[Date "2017.04.04"]
[Round "8"]
[White "StoreySniper"]
[Black "ruvat"]
[Result "1-0"]
[WhiteElo "2232"]
[BlackElo "2218"]
[TimeControl "180+2"]
[EndTime "14:52:31 PDT"]
[Termination "StoreySniper won on time"]

1. d4 d6 2. e4 Nf6 3. f3 e5 4. dxe5 dxe5 5. Qxd8+ Kxd8 6. Be3 Be6 7.
Nd2 Nbd7 8. Bc4 Bxc4 9. Nxc4 Bd6 10.
O-O-O Ke7 11. Ne2 Nb6 12. Bxb6 axb6 13. Nxd6 cxd6 14. Nc3 Rhc8 15. Rd3 Rc6 16. Rhd1 Ra5 17. b4 Ra8 18. Kb2 Rac8 19. R1d2 Rc4 20. a3 R8c6 21.
Nb5 Ne8 22. c3 g6 23. a4 f5 24. exf5 gxf5 25. g3 h5 26. Na3 e4 27. Re3 Nf6 28.
Nxc4 Rxc4 29. Rd4 Rxd4 30. cxd4 Ke6 31. fxe4 Nxe4 32. Rf3 Nf6 33. h3 Nd5 34. Kb3 Ne7 35.
Kc4 Nd5 36. h4 Nc7 37. Re3+ Kf6 38. d5 f4 39. gxf4 Kf5 40. Re7 Na6 41. Rxb7 1-0